 Dungeon Crawl Stone Soup version 0.23.0-3-gf3c87f2 (webtiles) character file.

Game seed: 12595161306678324078

7224 xccam the Cleaver (level 11, 0/84 HPs)
             Began as a Gnoll Wanderer on Feb 20, 2019.
             Was a Believer of Cheibriados.
             Drowned by a water nymph (8 damage)
             ... on level 10 of the Dungeon.
             The game lasted 00:24:05 (11240 turns).

xccam the Cleaver (Gnoll Wanderer)                 Turns: 11240, Time: 00:24:06

Health: 0/84       AC: 11    Str: 21 (22) XL:     11   Next: 11%
Magic:  19/19      EV: 12    Int: 19 (20) God:    Cheibriados [**....]
Gold:   539        SH:  0    Dex: 21 (23) Spells: 21/21 levels left

rFire    + . .     SeeInvis .   b - +1 morningstar (holy)
rCold    . . .     Gourm    .   (no shield)
rNeg     . . .     Faith    .   o - +1 chain mail {rF+}
rPois    .         Spirit   .   (no helmet)
rElec    .         Reflect  .   (no cloak)
rCorr    +         Harm     .   (no gloves)
MR       .....     Clarity  +   (no boots)
Stlth    +.........             (no amulet)
HPRegen  0.24/turn              k - +3 ring of dexterity
MPRegen  0.16/turn              D - ring of resist corrosion

@: very slightly contaminated, very slow
A: distributed training, fangs 1, talons 1, clarity, strong nose
a: Bend Time, Renounce Religion


You were on level 10 of the Dungeon.
You worshipped Cheibriados.
Cheibriados was pleased with you.
You were hungry.

You visited 2 branches of the dungeon, and saw 11 of its levels.

You collected 539 gold pieces.

Inventory:

Hand Weapons
 a - a +0 hand crossbow
 b - a +1 morningstar of holy wrath (weapon)
Missiles
 c - 27 bolts
Armour
 d - the +4 leather armour "Vejearu" {rPois Int+5}
   (You found it on level 9 of the Dungeon)

   It affects your intelligence (+5).
   It protects you from poison.
 o - a +1 chain mail of fire resistance (worn)
Jewellery
 k - a +3 ring of dexterity (left hand)
 r - an uncursed ring of protection from cold
 y - an uncursed ring of flight
 D - a ring of resist corrosion (right hand)
Wands
 j - a wand of flame (15)
Scrolls
 g - a scroll of enchant weapon
 h - 6 scrolls of remove curse
 l - 5 scrolls of enchant armour
 m - 5 scrolls of magic mapping
 n - 3 scrolls of amnesia
 x - a scroll of vulnerability {unknown}
 E - a scroll of acquirement {unknown}
Potions
 e - 4 potions of cancellation
 q - a potion of magic
Comestibles
 f - 17 rations


   Skills:
 + Level 7.5 Fighting
 + Level 5.9 Short Blades
 + Level 5.9 Long Blades
 + Level 8.9 Axes
 + Level 5.9 Maces & Flails
 + Level 5.9 Polearms
 + Level 5.9 Staves
 + Level 5.9 Slings
 + Level 5.9 Bows
 + Level 6.5 Crossbows
 + Level 5.9 Throwing
 + Level 7.5 Armour
 + Level 5.9 Dodging
 + Level 5.9 Stealth
 + Level 7.5 Shields
 + Level 5.9 Unarmed Combat
 + Level 5.9 Spellcasting
 + Level 4.8 Conjurations
 + Level 4.8 Hexes
 + Level 4.8 Charms
 + Level 4.8 Summonings
 + Level 4.8 Necromancy
 + Level 4.8 Translocations
 + Level 4.8 Transmutations
 + Level 4.8 Fire Magic
 + Level 4.8 Ice Magic
 + Level 4.8 Air Magic
 + Level 4.8 Earth Magic
 + Level 4.8 Poison Magic
 + Level 6.4 Invocations
 + Level 5.9 Evocations


You had 21 spell levels left.
You didn't know any spells.
Your spell library contained the following spells:

 Spells                   Type           Power        Failure   Level  Hunger
 Confusing Touch          Hex            ###...       12%         1    None
 Corona                   Hex            ###....      12%         1    None
 Slow                     Hex            ###.....     17%         2    None
 Confuse                  Hex            ###.....     34%         3    ##.....
 Gell's Gravitas          Tloc           ###.......   34%         3    ##.....
 Inner Flame              Hex/Fire       ###.....     34%         3    ##.....
 Portal Projectile        Hex/Tloc       ###...       34%         3    ##.....
 Cause Fear               Hex            ###.......   75%         4    ####...
 Leda's Liquefaction      Hex/Erth       ###.......   75%         4    ####...
 Petrify                  Tmut/Erth      ###.....     75%         4    ####...
 Metabolic Englaciation   Hex/Ice        ###.......   97%         5    #####..
 Yara's Violent Unravell  Hex/Tmut       ###.......   97%         5    #####..


Dungeon Overview and Level Annotations

Branches:
Dungeon (10/15)            Temple (1/1) D:6            Lair (0/6) D:10
    Orc: D:9-12

Altars:
Ashenzari
Cheibriados
Dithmenos
Elyvilon
Fedhas
Gozag
Hepliaklqana
Kikubaaqudgha
Makhleb
Nemelex Xobeh
Okawaru
Qazlal
Ru
Sif Muna
Trog
Uskayaw
Vehumet
Wu Jian
Xom
Yredelemnul
Zin
The Shining One


Innate Abilities, Weirdness & Mutations

Your experience applies equally to all skills.
You have very sharp teeth.
Your uncanny sense of smell can sniff out nearby items.
You have sharp toenails.
You possess an exceptional clarity of mind.


Message History

The swamp dragon evaporates and reforms as a water nymph!
The now-empty wand crumbles to dust.
Splash!
You fall into the shallow water.
Moving in this stuff is going to be slow.
Splash!
You fall into the shallow water.
Moving in this stuff is going to be slow.
Things that are here:
a potion of haste; 2 potions of berserk rage The orc priest invokes the aid of Beogh against you.
Beogh smites you!
* * * LOW HITPOINT WARNING * * *
The water nymph misses you.
As you read the scroll labeled TANAROIX WAUHYITT, it crumbles to dust.
The scroll dissolves into smoke.
It was a scroll of fog.
The water nymph touches you.
* * * LOW HITPOINT WARNING * * *
The water nymph drowns you!
You die...

###...## #.# P ....# #.#
.... ## #.## ....## ##..#
###. .♣...### #...###....
♣$.....# #####........#
###
♣......##.....§§§.§.###
##.# ...............§§§§##
#.## (........#######@§.#
##.# ........# #m§## ##.##
.P......## ###o§# ##.##
.....(.(.#####)≈..# ###.##
..P.....t..oo.(≈..####..##
P.......[..##....).#....#
..P###..##########.....##
.## ##..# ##....# #### .
#..## #....###..#


You could see a water nymph and an orc priest.

Vanquished Creatures
  Harold (D:7)
  Pikel (D:7)
  Grinder (D:6)
  A blink frog (D:9)
  3 wraiths
  A wyvern (D:9)
  6 yaks
  Menkaure (D:7)
  2 porcupines (D:10)
  An ice beast (D:6)
  3 sky beasts
  A slave (D:7)
  A black bear (D:8)
  A phantom (D:5)
  5 centaurs
  4 ogres
  A necrophage (D:8)
  3 crocodiles
  2 big kobolds (D:9)
  5 bullfrogs
  2 scorpions (D:7)
  2 howler monkeys (D:8)
  3 vampire bats (D:3)
  2 crimson imps
  A centaur zombie (D:7)
  A bullfrog zombie (D:7)
  2 jellies
  3 orc priests
  4 hounds
  10 orc wizards
  Jessica (D:2)
  7 iguanas
  8 worker ants
  A hound zombie (D:6)
  A hound skeleton (D:7)
  2 worker ant zombies
  18 adders
  4 gnolls (D:3)
  4 shadow imps
  2 oozes
  3 adder skeletons
  A worm (D:2)
  3 dart slugs
  8 leopard geckos
  46 orcs
  8 bats
  4 bat skeletons (D:3)
  2 bat zombies (D:3)
  4 giant cockroaches
  7 goblins
  8 hobgoblins
  24 kobolds
  7 quokkas
  2 ball pythons
  5 frilled lizards
  A leopard gecko zombie (D:8)
  9 rats
264 creatures vanquished.

Vanquished Creatures (others)
  A slave (D:7)
  An orc (D:7)
  A bush (D:10)
  2 fungi (D:10)
  13 plants (D:10)
18 creatures vanquished.

Grand Total: 282 creatures vanquished

Notes
Turn   | Place    | Note
-------+----------+-------------------------------------------
     0 | D:1      | xccam the Gnoll Wanderer began the quest for the Orb.
     0 | D:1      | xccam set off with the following items: a +2 scale mail, a
                  | +0 hand crossbow, 25 bolts, a potion of curing, a ration
     0 | D:1      | Reached XP level 1. HP: 20/20 MP: 1/1
   167 | D:1      | Reached XP level 2. HP: 25/26 MP: 2/2
   496 | D:1      | Reached XP level 3. HP: 31/31 MP: 3/3
   890 | D:2      | Reached skill level 1 in Invocations
   925 | D:2      | Found a faded altar of an unknown god.
   953 | D:2      | Found a glowing golden altar of the Shining One.
  1016 | D:2      | Noticed Jessica
  1019 | D:2      | Reached skill level 1 in Short Blades
  1019 | D:2      | Reached skill level 1 in Long Blades
  1019 | D:2      | Reached skill level 1 in Maces & Flails
  1019 | D:2      | Reached skill level 1 in Polearms
  1019 | D:2      | Reached skill level 1 in Staves
  1019 | D:2      | Reached skill level 1 in Slings
  1019 | D:2      | Reached skill level 1 in Bows
  1019 | D:2      | Reached skill level 1 in Throwing
  1019 | D:2      | Reached skill level 1 in Dodging
  1019 | D:2      | Reached skill level 1 in Stealth
  1019 | D:2      | Reached skill level 1 in Unarmed Combat
  1019 | D:2      | Reached skill level 1 in Spellcasting
  1019 | D:2      | Reached skill level 1 in Evocations
  1030 | D:2      | Killed Jessica
  1030 | D:2      | Reached XP level 4. HP: 37/38 MP: 5/5
  1133 | D:2      | Reached skill level 1 in Conjurations
  1133 | D:2      | Reached skill level 1 in Hexes
  1133 | D:2      | Reached skill level 1 in Charms
  1133 | D:2      | Reached skill level 1 in Summonings
  1133 | D:2      | Reached skill level 1 in Necromancy
  1133 | D:2      | Reached skill level 1 in Translocations
  1133 | D:2      | Reached skill level 1 in Transmutations
  1133 | D:2      | Reached skill level 1 in Fire Magic
  1133 | D:2      | Reached skill level 1 in Ice Magic
  1133 | D:2      | Reached skill level 1 in Air Magic
  1133 | D:2      | Reached skill level 1 in Earth Magic
  1133 | D:2      | Reached skill level 1 in Poison Magic
  1174 | D:2      | Reached XP level 5. HP: 43/43 MP: 6/6
  1317 | D:2      | Found a shimmering altar of Xom.
  1737 | D:3      | Reached XP level 6. HP: 43/50 MP: 8/8
  2162 | D:3      | Found an ancient bone altar of Kikubaaqudgha.
  2165 | D:3      | Reached skill level 5 in Fighting
  2165 | D:3      | Reached skill level 5 in Armour
  2165 | D:3      | Reached skill level 5 in Shields
  2396 | D:3      | Reached XP level 7. HP: 56/56 MP: 10/10
  2724 | D:4      | Reached skill level 7 in Axes
  3813 | D:5      | Entered Level 5 of the Dungeon
  3962 | D:5      | Reached XP level 8. HP: 40/63 MP: 12/12
  4841 | D:6      | Found an iron altar of Okawaru.
  5062 | D:6      | Noticed Grinder
  5102 | D:6      | Killed Grinder
  5135 | D:6      | Found a staircase to the Ecumenical Temple.
  5148 | Temple   | Entered the Ecumenical Temple
  5258 | D:6      | Found a sacrificial altar of Ru.
  5325 | D:6      | Reached XP level 9. HP: 40/69 MP: 14/14
  5474 | D:7      | Found a blossoming altar of Fedhas.
  6080 | D:7      | Noticed Pikel
  6109 | D:7      | Killed Pikel
  6109 | D:7      | Reached skill level 5 in Crossbows
  6120 | D:7      | Reached skill level 8 in Axes
  6130 | D:7      | Noticed Menkaure
  6138 | D:7      | Killed Menkaure
  6349 | D:7      | Noticed Harold
  6448 | D:7      | Reached skill level 5 in Invocations
  6776 | D:7      | Killed Harold
  6776 | D:7      | Reached XP level 10. HP: 27/77 MP: 15/17
  7086 | D:7      | Found a deep blue altar of Sif Muna.
  7316 | D:7      | Reached skill level 5 in Short Blades
  7316 | D:7      | Reached skill level 5 in Long Blades
  7316 | D:7      | Reached skill level 5 in Maces & Flails
  7316 | D:7      | Reached skill level 5 in Polearms
  7316 | D:7      | Reached skill level 5 in Staves
  7316 | D:7      | Reached skill level 5 in Slings
  7316 | D:7      | Reached skill level 5 in Bows
  7316 | D:7      | Reached skill level 5 in Throwing
  7316 | D:7      | Reached skill level 5 in Dodging
  7316 | D:7      | Reached skill level 5 in Stealth
  7316 | D:7      | Reached skill level 5 in Unarmed Combat
  7316 | D:7      | Reached skill level 5 in Spellcasting
  7316 | D:7      | Reached skill level 5 in Evocations
  8157 | D:8      | Found the +5 scythe "Finisher" {speed, eviscerate}
  8374 | D:8      | Found a stormy altar of Qazlal.
  8383 | D:8      | Found a sparkling altar of Nemelex Xobeh.
  8824 | D:8      | Found a snail-covered altar of Cheibriados.
  8825 | D:8      | Found a burning altar of Makhleb.
  8830 | D:8      | Became a worshipper of Cheibriados the Contemplative
  9027 | D:9      | Found an ornate altar of the Wu Jian Council.
  9137 | D:9      | Reached * piety under Cheibriados
  9327 | D:9      | Got a smoking leather armour
  9338 | D:9      | Identified the +4 leather armour "Vejearu" {rPois Int+5}
                  | (You found it on level 9 of the Dungeon)
  9594 | D:9      | Found a radiant altar of Vehumet.
 10549 | D:10     | Entered Level 10 of the Dungeon
 10554 | D:10     | Noticed a two-headed ogre
 10563 | D:9      | Reached ** piety under Cheibriados
 10844 | D:10     | Reached XP level 11. HP: 56/84 MP: 19/19
 11183 | D:10     | Found a staircase to the Lair.
 11232 | D:10     | Gained mutation: You possess an exceptional clarity of
                  | mind. [potion of mutation]
 11232 | D:10     | Gained mutation: You have sharp toenails. [potion of
                  | mutation]
 11236 | D:10     | Noticed a swamp dragon
 11236 | D:10     | a two-headed ogre changed into a swamp dragon
 11237 | D:10     | a swamp dragon changed into a water nymph
 11240 | D:10     | Drowned by a water nymph

Skill      XL: |  1  2  3  4  5  6  7  8  9 10 |
---------------+-------------------------------+-----
Invocations    | 1 2 3 4 5 6 |  6.4
Short Blades   | 1 2 3 4 5 |  5.9
Long Blades    | 1 2 3 4 5 |  5.9
Maces & Flails | 1 2 3 4 5 |  5.9
Polearms       | 1 2 3 4 5 |  5.9
Staves         | 1 2 3 4 5 |  5.9
Slings         | 1 2 3 4 5 |  5.9
Bows           | 1 2 3 4 5 |  5.9
Throwing       | 1 2 3 4 5 |  5.9
Dodging        | 1 2 3 4 5 |  5.9
Stealth        | 1 2 3 4 5 |  5.9
Unarmed Combat | 1 2 3 4 5 |  5.9
Spellcasting   | 1 2 3 4 5 |  5.9
Evocations     | 1 2 3 4 5 |  5.9
Conjurations   | 1 2 3 4 |  4.8
Hexes          | 1 2 3 4 |  4.8
Charms         | 1 2 3 4 |  4.8
Summonings     | 1 2 3 4 |  4.8
Necromancy     | 1 2 3 4 |  4.8
Translocations | 1 2 3 4 |  4.8
Transmutations | 1 2 3 4 |  4.8
Fire Magic     | 1 2 3 4 |  4.8
Ice Magic      | 1 2 3 4 |  4.8
Air Magic      | 1 2 3 4 |  4.8
Earth Magic    | 1 2 3 4 |  4.8
Poison Magic   | 1 2 3 4 |  4.8
Crossbows      | 3 4 5 6 |  6.5
Fighting       | 5 6 7 |  7.5
Armour         | 5 6 7 |  7.5
Shields        | 5 6 7 |  7.5
Axes           | 7 8 |  8.9

Action                   |  1- 3 |  4- 6 |  7- 9 | 10-12 || total
-------------------------+-------+-------+-------+-------++-------
Melee: Unarmed           |    43 |    36 |       |       ||    79
       Bite              |     3 |    17 |    66 |    75 ||   161
       Punch             |       |     2 |     8 |     8 ||    18
       Hand axe          |       |    82 |   433 |   256 ||   771
       Morningstar       |       |       |       |   122 ||   122
       Scythe            |       |       |       |    46 ||    46
 Fire: Hand crossbow     |   100 |    86 |   106 |    39 ||   331
Evoke: Wand              |       |       |       |     9 ||     9
  Use: Scroll            |       |       |    12 |     6 ||    18
       Potion            |       |       |     5 |    12 ||    17
 Stab: Sleeping          |       |       |     1 |     2 ||     3
       Distracted        |       |       |     1 |       ||     1
  Eat: Chunk             |       |     5 |    14 |     7 ||    26
       Ration            |       |       |       |     1 ||     1
Armor: Scale mail        |    43 |    81 |   162 |    43 ||   329
       Chain mail        |       |       |       |   153 ||   153
       Skin              |       |       |       |    10 ||    10
Dodge: Dodged            |    49 |    97 |   226 |   254 ||   626
